 Dungeon Crawl Stone Soup version 0.29.1-2-gbd0b4ee654 (webtiles) character file.

Game seed: 18320130615711372766

680 wingedge the Gusty (level 7, -7/41 HPs)
             Began as a Deep Elf Air Elementalist on Nov 17, 2022.
             Killed by divine providence
             ... invoked by an orc priest
              (16 damage)
             ... on level 5 of the Dungeon.
             The game lasted 00:11:17 (6308 turns).

wingedge the Gusty (Deep Elf Air Elementalist)      Turns: 6308, Time: 00:11:18

Health: -7/41      AC:  5    Str:  9    XL:     7   Next: 34%
Magic:  7/15       EV: 14    Int: 19    God:
Gold:   262        SH:  5    Dex: 14    Spells: 4/14 levels left

rFire   . . .      SeeInvis .   v - +1 falchion (protect)
rCold   . . .      Faith    .   (no shield)
rNeg    . . .      Spirit   .   a - +0 robe
rPois   .          Reflect  +   (no helmet)
rElec   .          Harm     .   p - +0 cloak
rCorr   .          Rampage  .   (no gloves)
Will    +....                   C - +1 pair of boots
Stlth   ++........              e - amulet of reflection
HPRegen 0.13/turn               i - ring of willpower
MPRegen 0.14/turn               (no ring)

@: no status effects
A: dopey 1, strong 1, MP-powered wands, devolution 1
a: no special abilities


You were on level 5 of the Dungeon.
You visited 1 branch of the dungeon, and saw 5 of its levels.

You collected 262 gold pieces.

Inventory:

Hand Weapons
 j - a +0 dagger of freezing
 v - a +1 falchion of protection (weapon)
Missiles
 h - 6 atropa-tipped darts (quivered)
 q - 4 javelins
Armour
 a - a +0 robe (worn)
 p - a +0 cloak (worn)
 C - a +1 pair of boots (worn)
Jewellery
 e - an amulet of reflection (around neck)
 f - an amulet of faith
 i - a ring of willpower (left hand)
Wands
 y - a wand of digging (5)
 G - a wand of polymorph (10)
Scrolls
 c - a scroll of summoning {unknown}
 d - a scroll of immolation {unknown}
 g - 2 scrolls of identify {unknown}
 k - 2 scrolls of vulnerability {unknown}
 l - 2 scrolls of fear {unknown}
 m - a scroll of amnesia {unknown}
 o - 2 scrolls of teleportation {unknown}
 s - a scroll of brand weapon {unknown}
 w - a scroll of butterflies {unknown}
 A - 3 scrolls of blinking
 B - a scroll of enchant weapon {unknown}
 E - a scroll of silence {unknown}
Potions
 b - a potion of magic
 t - a potion of lignification
 x - a potion of might {unknown}
 z - a potion of haste {unknown}
 D - a potion of heal wounds {unknown}
 F - a potion of curing {unknown}


   Skills:
 - Level 3.0 Fighting
 - Level 1.0 Throwing
 + Level 4.8 Dodging
 - Level 3.0 Stealth
 - Level 4.0 Spellcasting
 - Level 3.0 Conjurations
 + Level 5.6 Air Magic


You had 4 spell levels left.
You knew the following spells:

 Your Spells              Type           Power      Damage    Failure   Level
a - Shock                 Conj/Air       80%        1d8       2%          1
b - Static Discharge      Conj/Air       20%        3-6/arc   3%          2
c - Swiftness             Air            25%        N/A       4%          3
d - Airstrike             Air            12%        2d(2-18)  14%         4

Your spell library contained the following spells:

 Spells                   Type           Power      Damage    Failure   Level
 Animate Dead             Necr           3%         N/A       80%         4
 Leda's Liquefaction      Hex/Erth       1%         N/A       80%         4
 Lee's Rapid Deconstruct  Erth           1%         3d5*      98%         5
 Statue Form              Tmut/Erth      2%         N/A       100%        6
 Haunt                    Necr/Summ      1%         N/A       100%        7
 Infestation              Necr           1%         N/A       100%        8


Dungeon Overview and Level Annotations

Branches:
Dungeon (5/15)
 Temple: D:4-7

Altars:
Elyvilon


Innate Abilities, Weirdness & Mutations

You are dopey. (Int -2)
Your muscles are strong. (Str +4, Int/Dex -1)
You expend magic power (3 MP) to strengthen your wands.
You have hidden genetic defects.


Message History

Unknown command.
You start resting.
Magic restored.
You start resting.
There are monsters nearby!
Casting: Static Discharge (safe; 3% risk of failure)
Confirm with . or Enter, or press ? or * to list all spells.
The orc wizard is struck by an arc of lightning.
The orc wizard is moderately wounded.
You are struck by an arc of lightning.
The lightning grounds out.
The orc shouts!
The orc wizard hits you with a +0 flail.
Casting: Static Discharge (safe; 3% risk of failure)
Confirm with . or Enter, or press ? or * to list all spells.
The orc wizard is struck by an arc of lightning!
The orc wizard is severely wounded.
You are struck by an arc of lightning.
The orc wizard is struck by an arc of lightning.
You kill the orc wizard!
You are struck by an arc of lightning.
* * * LOW HITPOINT WARNING * * *
The lightning grounds out.
Casting: Static Discharge (safe; 3% risk of failure)
Confirm with . or Enter, or press ? or * to list all spells.
The orc is struck by an arc of lightning.
The orc is severely wounded.
You are struck by an arc of lightning.
* * * LOW HITPOINT WARNING * * *
The lightning grounds out.
You block the orc priest's attack.
The orc unwields a +0 shortbow.
The orc hits you but does no damage.
Casting: Static Discharge (safe; 3% risk of failure)
Confirm with . or Enter, or press ? or * to list all spells.
The orc is struck by an arc of lightning!
You kill the orc!
The orc priest is struck by an arc of lightning.
The orc priest is heavily wounded.
The lightning grounds out.
The orc priest invokes the aid of Beogh against you.
Beogh smites you!
You die...

#.. ... #.# #
.#..###.# .#
#.......##.
#.......?) #.....#..
#...#.#o#####
#.....).#...#
#..##.@.#.#.#
#.......#.#.#
##......#.#<# ####
######)#.#.##...##
#......)....#.....##
#.#####.#...........
#.###...#..... [..
+...# ... ##.# #...#
.


You could see an orc priest.

Vanquished Creatures
  A water moccasin (D:5)
  An ogre (D:4)
  A scorpion (D:4)
  A jelly (D:4)
  An orc priest (D:5)
  An iguana (D:4)
  Terence (D:2)
  2 orc wizards (D:5)
  4 gnolls (D:4)
  9 adders
  A white imp (D:4)
  An ufetubus (D:3)
  2 dart slugs
  10 orcs
  8 bats
  8 endoplasms
  8 giant cockroaches
  11 hobgoblins
  12 jackals
  5 quokkas
  6 ball pythons
  2 frilled lizards
  11 goblins
  6 kobolds
  A rat (D:1)
114 creatures vanquished.

Notes
Turn   | Place    | Note
-------+----------+-------------------------------------------
     0 | D:1      | wingedge the Deep Elf Air Elementalist began the quest for
                  | the Orb.
     0 | D:1      | Reached XP level 1. HP: 10/10 MP: 6/6
   167 | D:1      | Reached XP level 2. HP: 15/15 MP: 4/8
   609 | D:1      | Found a faded altar of an unknown god.
   643 | D:1      | Reached XP level 3. HP: 20/20 MP: 2/9
   785 | D:1      | Reached skill level 1 in Fighting
  1447 | D:2      | Learned a level 2 spell: Static Discharge
  1451 | D:2      | Learned a level 3 spell: Swiftness
  1511 | D:2      | Found a white marble altar of Elyvilon.
  1627 | D:2      | Reached XP level 4. HP: 15/26 MP: 0/11
  2234 | D:2      | Noticed Terence
  2241 | D:2      | Killed Terence
  3321 | D:3      | Learned a level 4 spell: Airstrike
  3545 | D:3      | Reached XP level 5. HP: 30/30 MP: 9/12
  3591 | D:3      | Reached skill level 1 in Throwing
  4671 | D:4      | Reached skill level 4 in Air Magic
  4843 | D:4      | Reached XP level 6. HP: 29/35 MP: 14/14
  5659 | D:4      | Reached skill level 5 in Air Magic
  5863 | D:5      | Entered Level 5 of the Dungeon
  6062 | D:5      | Noticed a water moccasin
  6075 | D:5      | Killed a water moccasin
  6076 | D:5      | Reached XP level 7. HP: 5/40 MP: 12/15
  6077 | D:5      | HP: 2/40 [poisoned by a water moccasin]
  6078 | D:5      | Gained mutation: You are dopey. (Int -2) [potion of
                  | mutation]
  6078 | D:5      | Gained mutation: You have hidden genetic defects. [potion
                  | of mutation]
  6078 | D:5      | Gained mutation: Your muscles are strong. (Str +4, Int/Dex
                  | -1) [potion of mutation]
  6078 | D:5      | Gained mutation: You expend magic power (3 MP) to
                  | strengthen your wands. [potion of mutation]
  6308 | D:5      | Killed from afar by an orc priest

Illustrated notes

Levels and vault maps discovered:
D:1:      psy_arrival_dodecagon, layout_loops_corners,
          nicolae_ecumenical_snake_handling
D:2:      layout_basic, basic_altar, minmay_misc_feat_room, uniq_terence
D:3:      layout_basic
D:4:      layout_basic, minmay_between
D:5:      minmay_octagon_keep, layout_basic, mainiacjoe_overflow_boulevard,
          uniq_grinder, uniq_eustachio, uniq_sigmund

Skill      XL: |  1  2  3  4  5  6  7 |
---------------+----------------------+-----
Conjurations   | 2 3 |  3.0
Fighting       | 2 3 |  3.0
Throwing       | 1 |  1.0
Dodging        | 3 4 |  4.8
Stealth        | 3 |  3.0
Spellcasting   | 4 |  4.0
Air Magic      | 4 5 |  5.6

Action                   |  1- 3 |  4- 6 |  7- 9 || total
-------------------------+-------+-------+-------++-------
Melee: Falchion          |       |     3 |       ||     3
Throw: Javelin           |       |     3 |       ||     3
       Dart              |       |     2 |       ||     2
 Cast: Shock             |    67 |   149 |     3 ||   219
       Static Discharge  |     4 |    22 |    10 ||    36
Evoke: Wand              |       |     3 |       ||     3
  Use: Scroll            |       |     2 |       ||     2
       Potion            |       |     1 |     4 ||     5
Armor: Robe              |     6 |     3 |     3 ||    12
Dodge: Dodged            |     8 |    19 |     2 ||    29
Block: Other             |       |     4 |     1 ||     5
